AoeStats
← GandalfTheRipper

Oasis

509388556Analyzed
4v4 RM · 7d ago on Sep 26, 2026· 21m 55s· 8 players
Game mode
Random Map
Map size
Large (8 player)
Population
200
Speed
Normal
Resources
Standard
Victory
Conquest
Starting age
Dark Age
Ending age
Imperial Age
RankedLock teamsTeams togetherTeam positionsShared explorationLock speedFull tech treeHidden civsTurbo modeCheats
Victory
Defeat
🇺🇸 Lithuanians · United States
553
+14
🇧🇷 Bulgarians · Brazil
532
+15
🇦🇷 Spanish · Argentina
455
+18
🇺🇸 Saxons · United States
431
+20
🇵🇱 Bohemians · Poland
560
-18
🇬🇧 Turks · United Kingdom
549
-18
🇵🇱 Vietnamese · Poland
504
-17
🇩🇪 Burgundians · Germany
434
-14
Sweet potato of mine
15:37 Feudal Age
POLKOS
2:04 Loom
13:16 Feudal Age
13:54 Horse Collar
14:06 Double-Bit Axe
14:14 Gold Mining
14:15 Stone Mining
15:04 Wheelbarrow
KrawatteFaser37
0:53 Loom
coran
15:18 Feudal Age
16:56 Double-Bit Axe
InTrUsIoN
10:38 Feudal Age
19:23 Wheelbarrow
18:39 Double-Bit Axe
19:10 Horse Collar
21:44 Gold Mining
24:34 Castle Age
GandalfTheRipper
1:07 Loom
15:24 Feudal Age
21:05 Castle Age
19:43 Wheelbarrow
21:44 Crossbowman
Niko
12:10 Feudal Age
13:35 Wheelbarrow
12:55 Horse Collar
13:06 Double-Bit Axe
15:59 Stone Mining
16:04 Gold Mining
17:56 Man-at-Arms
Icaubi
16:38 Feudal Age
20:16 Horse Collar
24:07 Castle Age
21:58 Double-Bit Axe
Connection lost

Rejoining the realm…

Still unreachable

The connection could not be restored.

Session expired

The server has moved on; the page needs a fresh start.